 Dungeon Crawl Stone Soup version 0.22.1-1-ga44c0e5 (webtiles) character file.

1584 Lauz the Thaumaturge (level 8, -1/41 HPs)
             Began as a Deep Elf Fire Elementalist on Nov 1, 2018.
             Was an Initiate of Vehumet.
             Shot with an arrow by a centaur (5 damage)
             ... on level 6 of the Dungeon.
             The game lasted 00:35:19 (6584 turns).

Lauz the Thaumaturge (Deep Elf Fire Elementalist)   Turns: 6584, Time: 00:35:19

Health: -1/41      AC:  2    Str:  5    XL:     8   Next: 61%
Magic:  10/22      EV: 14    Int: 23    God:    Vehumet [......]
Gold:   205        SH:  0    Dex: 15    Spells: 10/23 levels left

rFire    . . .     SeeInvis .   m - +0 dagger
rCold    . . .     Gourm    .   (no shield)
rNeg     . . .     Faith    .   a - +0 robe
rPois    .         Spirit   .   (no helmet)
rElec    .         Reflect  .   (no cloak)
rCorr    .         Harm     .   (no gloves)
MR       .....                  (no boots)
Stlth    ++........             (no amulet)
HPRegen  0.13/turn              (no ring)
MPRegen  0.18/turn              (no ring)

@: no status effects
A: no striking features
a: Renounce Religion


You were on level 6 of the Dungeon.
You worshipped Vehumet.
Vehumet was noncommittal.
You were very hungry.

You visited 2 branches of the dungeon, and saw 7 of its levels.

You collected 205 gold pieces.

Inventory:

Hand Weapons
 m - a +0 dagger (weapon)
Armour
 a - a +0 robe (worn)
Wands
 p - a wand of paralysis (7)
Scrolls
 e - a scroll of amnesia
 g - 7 scrolls of identify
 i - 3 scrolls of remove curse
 k - a scroll of teleportation
Potions
 b - a potion of mutation {unknown}
 f - a potion of might
 h - a potion of agility {unknown}
 j - 2 potions of degeneration {unknown}
 l - a potion of resistance {unknown}
 n - 3 potions of lignification {unknown}
 o - 2 potions of flight {unknown}
Comestibles
 c - 9 rations


   Skills:
 + Level 4.0 Dodging
 - Level 2.4 Stealth
 + Level 8.1 Spellcasting
 * Level 7.7 Conjurations
 + Level 6.6 Fire Magic


You had 10 spell levels left.
You knew the following spells:

 Your Spells              Type           Power        Failure   Level  Hunger
a - Flame Tongue          Conj/Fire      #####        1%          1    None
b - Conjure Flame         Conj/Fire      #####...     1%          3    None
c - Sticky Flame          Conj/Fire      #####...     3%          4    ###....
d - Fireball              Conj/Fire      #####.....   10%         5    #####..

Your spell library contained the following spells:

 Spells                   Type           Power        Failure   Level  Hunger
 Throw Flame              Conj/Fire      #####.       1%          2    None
 Inner Flame              Hex/Fire       ###.....     5%          3    None
 Animate Skeleton         Necr           N/A          7%          1    None
 Pain                     Necr           #...         7%          1    None
 Regeneration             Chrm/Necr      #.........   21%         3    None
 Vampiric Draining        Necr           #.........   21%         3    None
 Animate Dead             Necr           N/A          56%         4    ###....


Dungeon Overview and Level Annotations

Branches:
Dungeon (6/15)             Temple (1/1) D:4

Altars:
Ashenzari
Dithmenos
Elyvilon
Fedhas
Gozag
Hepliaklqana
Kikubaaqudgha
Nemelex Xobeh
Ru
Sif Muna
Trog
Uskayaw
Vehumet
Yredelemnul
Zin
The Shining One


Message History

The fireball explodes!
The fireball engulfs the centaur.
The centaur is heavily wounded.
You hear a bark!
The dart slug launches a dart at you. The slug dart hits you!
Casting: Fireball (slightly dangerous; 10% risk of failure)
Confirm with . or Enter, or press ? or * to list all spells.
Aiming: Fireball (slightly dangerous; 10% risk of failure)
Press: ? - help, Shift-Dir - straight line, f/p - centaur
Aim: a centaur, wielding a shortbow of freezing (heavily wounded)
The fireball explodes!
The fireball engulfs the centaur.
The centaur is almost dead.
You are feeling very hungry.
You hear a shout!
The centaur shoots an arrow.
The arrow hits you!
* * * LOW HITPOINT WARNING * * *
The arrow freezes you.
* * * LOW HITPOINT WARNING * * *
The centaur shoots an arrow.
The arrow hits you.
You die...

.≈ ≈≈ ≈ ###≈ ≈≈ .#. ≈≈≈
..#≈≈≈≈ ....≈≈≈
######c...#.≈
#############...@[.?..w#
.............)..##...###
.#######......### ##.#
.#.)<..#.....## ..
.#.#.#.#....## ...
.#.#.#.....## ##
.#'#'###...#
[........### ....[....#


You could see a centaur and a dart slug.

Vanquished Creatures
  Grinder (D:4)
  A sky beast (D:5)
  A phantom (D:4)
  An ogre (D:5)
  A centaur (D:5)
  A bullfrog (D:5)
  3 scorpions
  2 howler monkeys
  3 orc priests
  3 hounds
  A jelly (D:5)
  10 orc wizards
  An iguana (D:5)
  3 worker ants
  A gnoll (D:1)
  5 adders
  A howler monkey skeleton (D:5)
  An ooze (D:5)
  3 worms
  A dart slug (D:6)
  2 leopard geckos
  16 orcs
  9 bats
  7 giant cockroaches
  8 goblins
  6 hobgoblins
  5 jackals
  8 kobolds
  6 quokkas
  2 ball pythons (D:3)
  8 frilled lizards
  2 leopard gecko skeletons (D:5)
  7 rats
130 creatures vanquished.

Notes
Turn   | Place    | Note
-------+----------+-------------------------------------------
     0 | D:1      | Lauz the Deep Elf Fire Elementalist began the quest for the
                  | Orb.
     0 | D:1      | Reached XP level 1. HP: 10/10 MP: 6/6
   172 | D:1      | Reached XP level 2. HP: 15/15 MP: 5/8
   533 | D:1      | Reached XP level 3. HP: 19/19 MP: 6/9
  1035 | D:2      | Learned a level 3 spell: Conjure Flame
  1320 | D:2      | Found an opulent altar of Gozag.
  1494 | D:2      | Reached XP level 4. HP: 22/24 MP: 2/11
  1970 | D:3      | Learned a level 4 spell: Sticky Flame
  2131 | D:3      | Reached skill level 4 in Spellcasting
  2361 | D:3      | Reached XP level 5. HP: 28/28 MP: 0/13
  2758 | D:4      | Noticed Grinder
  2796 | D:4      | Reached skill level 5 in Spellcasting
  2827 | D:4      | Reached XP level 6. HP: 10/32 MP: 6/15
  3263 | D:4      | Paralysed by Grinder for 2 turns
  3268 | D:4      | Paralysed by Grinder for 5 turns
  3282 | D:4      | Killed Grinder
  3282 | D:4      | Reached skill level 5 in Conjurations
  3282 | D:4      | Reached skill level 5 in Fire Magic
  3282 | D:4      | Reached XP level 7. HP: 28/36 MP: 1/17
  3503 | D:4      | Reached skill level 6 in Spellcasting
  3814 | D:4      | Found a glowing golden altar of the Shining One.
  3956 | D:4      | Found a hide-covered altar of Uskayaw.
  4195 | D:4      | Found a deep blue altar of Sif Muna.
  4542 | D:4      | Found a staircase to the Ecumenical Temple.
  4779 | D:5      | Entered Level 5 of the Dungeon
  4855 | D:5      | Found a sparkling altar of Nemelex Xobeh.
  4951 | D:5      | Reached skill level 7 in Spellcasting
  4951 | D:5      | Reached XP level 8. HP: 41/41 MP: 14/20
  5226 | Temple   | Entered the Ecumenical Temple
  5260 | Temple   | Became a worshipper of Vehumet
  5372 | D:5      | Found a white marble altar of Elyvilon.
  5443 | D:5      | Learned a level 5 spell: Fireball
  5475 | D:5      | Found a shattered altar of Ashenzari.
  6120 | D:5      | Reached skill level 8 in Spellcasting
  6584 | D:6      | Shot with an arrow by a centaur

Skill      XL: |  1  2  3  4  5  6  7  8 |
---------------+-------------------------+-----
Fire Magic     | 4 5 6 |  6.6
Conjurations   | 2 3 4 5 6 7 |  7.7
Spellcasting   | 4 5 7 8 |  8.1
Dodging        | 3 4 |  4.0
Stealth        | |  2.4

Action                   |  1- 3 |  4- 6 |  7- 9 || total
-------------------------+-------+-------+-------++-------
Melee: Unarmed           |       |     6 |       ||     6
       Dagger            |       |       |    36 ||    36
 Cast: Flame Tongue      |    86 |    78 |   105 ||   269
       Conjure Flame     |       |     3 |     2 ||     5
       Sticky Flame      |       |     5 |    13 ||    18
       Fireball          |       |       |     6 ||     6
  Use: Scroll            |       |     7 |     1 ||     8
  Eat: Chunk             |     2 |     3 |    11 ||    16
       Ration            |       |     1 |       ||     1
Armor: Robe              |     9 |     4 |     7 ||    20
Dodge: Dodged            |    21 |    29 |    43 ||    93
